 Dungeon Crawl Stone Soup version 0.30-a0-859-gf88a04b62d (webtiles) character file.

Game seed: 11862175123325089826

21053 qeuew the Brawler (level 12, -12/114 HPs)
             Began as a Troll Berserker on Mar 6, 2023.
             Was a High Priest of Trog.
             Mangled by an eight-headed hydra simulacrum (22 damage)
             ... on level 2 of the Lair of Beasts.
             The game lasted 00:13:19 (8465 turns).

qeuew the Brawler (Troll Berserker)                 Turns: 8465, Time: 00:13:19

Health: -12/114    AC: 12    Str: 29    XL:     12   Next: 50%
Magic:  0/11       EV: 10    Int:  7    God:    Trog [*****.]
Gold:   861        SH:  0    Dex: 10    Spells: 11/11 levels left

rFire   . . .      SeeInvis .      - Unarmed
rCold   . . .      Faith    .    (no shield)
rNeg    . . .      Spirit   +    i - +0 troll leather armour {Pargi}
rPois   .          Reflect  .    (helmet restricted)
rElec   .          Rampage  .    (no cloak)
rCorr   .                        (gloves unavailable)
Will    .....                    (boots unavailable)
Stlth   +                        w - amulet of guardian spirit
HPRegen 1.99/turn                u - +4 ring of protection
MPRegen 0.12/turn                (no ring)

@: studying Ranged Weapons
A: large, unfitting armour, claws 3, regeneration 1, shaggy fur 1, tough skin 1,
iridescent scales 1, clever 1, sense surroundings 1, robust 1
a: Renounce Religion, Berserk, Trog's Hand, Brothers in Arms


You were on level 2 of the Lair of Beasts.
You worshipped Trog.
Trog was extremely pleased with you.
You visited 2 branches of the dungeon, and saw 11 of its levels.
You also visited: Sewer, Bailey and Gauntlet.

You collected 861 gold pieces.

Inventory:

Armour
 i - a +0 troll leather armour (worn) {Pargi}
Jewellery
 u - a +4 ring of protection (left claw)
 w - an amulet of guardian spirit (around neck)
 A - an amulet of magic regeneration
Wands
 k - a wand of flame (35)
 p - a wand of roots (7)
 s - a wand of mindburst (17)
 v - a wand of charming (10)
 z - a wand of quicksilver (5)
Scrolls
 a - 3 scrolls of enchant armour
 c - 7 scrolls of teleportation
 d - 4 scrolls of butterflies
 e - 4 scrolls of amnesia
 f - a scroll of magic mapping
 l - 2 scrolls of fog
 q - 4 scrolls of fear
 t - 3 scrolls of enchant weapon
 x - 3 scrolls of identify
 y - a scroll of brand weapon
Potions
 b - 6 potions of resistance
 g - 9 potions of curing
 h - 3 potions of haste
 j - 2 potions of might
 m - a potion of heal wounds
 n - 3 potions of magic
 o - a potion of invisibility
 r - 6 potions of mutation
 B - a potion of cancellation {unknown}


   Skills:
 - Level 2.4 Fighting
 - Level 2.4 Dodging
 * Level 20.4 Unarmed Combat


You had 11 spell levels left.
You didn't know any spells.
Your spell library was empty.

Dungeon Overview and Level Annotations

Branches:
Dungeon (9/15)             Temple (0/1) D:5            Lair (2/5) D:9
 Shoals (0/4) Lair:2        Sewer (visited)          Bailey (visited)
Gauntlet (visited)
  Snake: Lair:2-3    Spider: Lair:2-3       Orc: D:9-12

Altars:
Dithmenos
Elyvilon
Gozag
Hepliaklqana
Okawaru
Ru
Trog
Wu Jian
Xom
Jiyva

Annotations:
D:6 1 runed translucent door, holysushi's ghost, amateur DsMo
D:9 3 runed translucent doors, Pimp's ghost, novice AtFi; asti's ghost, novice MiFi; benadryl's ghost, novice DECj; pigah's ghost, novice OpWn; soul19's ghost, journeyman TrFi
Lair:2 1 transporter, 3 runed translucent doors, Etsiony's ghost, novice TrTm


Innate Abilities, Weirdness & Mutations

You are too large for most types of armour.
You have claws for hands.
Your natural rate of healing is unusually fast.
You are covered in fur. (AC +1)
You have tough skin. (AC +1)
You are partially covered in iridescent scales. (AC +2)
Your mind is acute. (Int +4, Str/Dex -1)
You passively map a small area around you.
You are robust. (+10% HP)


Message History

The wolf spider simulacrum vaporises!
Trog accepts your kill.
A catoblepas simulacrum comes into view.
You mangle the elephant simulacrum!!
The elephant simulacrum is severely damaged.
The elephant simulacrum tramples you.
You hold your ground!
The elephant simulacrum barely misses you.
An eight-headed hydra simulacrum comes into view.
You mangle the elephant simulacrum!!
The elephant simulacrum vaporises!
Trog accepts your kill.
You claw the rime drake simulacrum!
Your claw misses the rime drake simulacrum.
The rime drake simulacrum is almost destroyed.
The rime drake simulacrum bites you but does no damage.
You scratch the rime drake simulacrum.
The rime drake simulacrum vaporises!
Trog accepts your kill.
You mangle the catoblepas simulacrum!!
The catoblepas simulacrum is heavily damaged.
You scratch the catoblepas simulacrum.
The catoblepas simulacrum is severely damaged.
The catoblepas simulacrum gores you but does no damage.
You mangle the catoblepas simulacrum!!
The catoblepas simulacrum vaporises!
Trog accepts your kill.
The eight-headed hydra simulacrum misses you.
The eight-headed hydra simulacrum bites you.
The eight-headed hydra simulacrum freezes you!!!
The eight-headed hydra simulacrum bites you.
The eight-headed hydra simulacrum freezes you!!
* * * LOW HITPOINT WARNING * * *
The eight-headed hydra simulacrum bites you.
* * * LOW HITPOINT WARNING * * *
The eight-headed hydra simulacrum freezes you!
* * * LOW HITPOINT WARNING * * *
The eight-headed hydra simulacrum bites you.
* * * LOW HITPOINT WARNING * * *
The eight-headed hydra simulacrum freezes you!!
You die...

#.............©.........P#
#........###########.....# ###
##.......#°☼.)©)°○○#<...#####.#
#.......#°.☼["?°°☼#...........
####.......#.☼○°°○○°°#..[..P####.
...........#°°°.☼☼○°○#.....## ##
.########P.#,○○°○.☼°,#......# ##
*..####ZZ°####.....##
*,..#○°.@.°○#....#####
**,,#○°#.#○°#...##...## ##
####...#○.....○#...#.....#*
.#####......#.○#©#°.#...+J...(!*
............#○○○°○☼°#...+J...[_*
.....[......#○.☼°○.°#...+WJ...)*
............#########...#JJ...#*
................©.......##...####
#........................#######.


You could see an eight-headed hydra simulacrum and a dire elephant simulacrum.

Vanquished Creatures
  Gastronok (D:8)
  A minotaur (Gauntlet)
  A hydra (Lair:2)
  3 death yaks (Lair:2)
  A skyshark (Lair:2)
  2 wizards (Gauntlet)
  3 harpies (Lair:2)
  An obsidian statue (Gauntlet)
  2 elephants
  Maurice (D:9)
  A gargoyle (Bailey)
  3 cane toads (Lair:1)
  2 rime drakes (Lair:2)
  3 komodo dragons
  A troll (D:9)
  2 hornets
  A wolf spider simulacrum (Lair:2)
  5 blink frogs (Lair:1)
  A wraith (D:9)
  3 wyverns
  A vampire (Bailey)
  12 yaks
  A steam dragon (D:9)
  Grum (Lair:1)
  4 vampire mosquitoes (D:8)
  A catoblepas simulacrum (Lair:2)
  3 swamp worms (D:8)
  3 water moccasins
  2 ice beasts
  Pargi (Sewer)
  A sky beast (D:7)
  3 orc warriors
  4 black bears
  2 wolves (Lair:1)
  2 ogres
  3 centaurs (D:7)
  2 kobold brigands (D:9)
  3 phantoms
  5 bullfrogs
  A gnoll sergeant (D:7)
  4 wights (D:8)
  2 scorpions (D:6)
  An elephant simulacrum (Lair:2)
  2 electric eels (Lair:1)
  9 vampire bats
  A rime drake simulacrum (Lair:2)
  5 wolf zombies (Bailey)
  6 howler monkeys
  6 orc priests
  5 hounds
  2 sleepcaps
  3 iguanas
  9 orc wizards
  3 hell rats (Lair:1)
  4 gnolls (D:5)
  7 adders
  5 river rats (Lair:1)
  2 shadow imps (Gauntlet)
  6 white imps
  2 ufetubi
  A worm (D:2)
  4 dart slugs
  33 orcs
  10 bats
  6 endoplasms
  2 giant cockroaches
  11 goblins
  2 hobgoblins
  7 kobolds
  4 quokkas
  11 ball pythons
  4 frilled lizards (Sewer)
  21 orc zombies (Bailey)
  18 rats
  A spectral goblin (D:8)
312 creatures vanquished.

Vanquished Creatures (others)
  A butterfly (D:6)
  A fungus (Lair:1)
  9 plants
  A withered plant (Gauntlet)
12 creatures vanquished.

Grand Total: 324 creatures vanquished

Notes
Turn   | Place    | Note
-------+----------+-------------------------------------------
     0 | D:1      | qeuew the Troll Berserker began the quest for the Orb.
     0 | D:1      | Reached XP level 1. HP: 22/22 MP: 0/0
   103 | D:1      | Reached XP level 2. HP: 29/29 MP: 1/1
   289 | D:1      | Reached skill level 4 in Unarmed Combat
   291 | D:1      | Reached ** piety under Trog
   526 | D:1      | Reached XP level 3. HP: 36/36 MP: 2/2
   862 | D:2      | Found a sacrificial altar of Ru.
  1152 | D:2      | Gained mutation: Your mind is acute. (Int +4, Str/Dex -1)
                  | [potion of mutation]
  1152 | D:2      | Gained mutation: You are robust. (+10% HP) [potion of
                  | mutation]
  1152 | D:2      | Gained mutation: You are partially covered in iridescent
                  | scales. (AC +2) [potion of mutation]
  1152 | D:2      | Gained mutation: You passively map a small area around you.
                  | [potion of mutation]
  1202 | D:3      | Reached XP level 4. HP: 48/48 MP: 3/3
  1218 | D:3      | Identified the +1 robe "Irired" {rF+ rN+}
  1273 | D:3      | Reached skill level 5 in Unarmed Combat
  1353 | D:3      | Noticed a phantom
  1367 | D:3      | Killed a phantom
  1368 | D:3      | Reached XP level 5. HP: 55/55 MP: 4/4
  1607 | D:3      | Found a faded altar of an unknown god.
  1607 | D:3      | Found a shadowy altar of Dithmenos.
  1616 | D:3      | Found an ornate altar of the Wu Jian Council.
  1618 | D:3      | Found a bloodstained altar of Trog.
  1620 | D:3      | Found a faded altar of an unknown god.
  1840 | D:4      | Noticed an ogre
  1846 | D:4      | Killed an ogre
  1846 | D:4      | Reached *** piety under Trog
  1847 | D:4      | Reached skill level 6 in Unarmed Combat
  1954 | D:4      | Reached XP level 6. HP: 52/64 MP: 5/5
  1988 | D:4      | Found an iron altar of Okawaru.
  2000 | D:4      | Reached skill level 7 in Unarmed Combat
  2697 | D:5      | Entered Level 5 of the Dungeon
  2711 | D:5      | Reached skill level 8 in Unarmed Combat
  2728 | D:5      | Reached XP level 7. HP: 67/72 MP: 6/6
  2739 | D:5      | Found a glowing drain.
  2753 | Sewer    | Entered a sewer
  2769 | Sewer    | Noticed Pargi
  2777 | Sewer    | Killed Pargi
  2954 | D:5      | Reached **** piety under Trog
  2955 | D:5      | Reached skill level 9 in Unarmed Combat
  3472 | D:6      | Reached XP level 8. HP: 81/81 MP: 7/7
  3480 | D:6      | Reached skill level 10 in Unarmed Combat
  3691 | D:6      | Found a runed translucent door.
  3692 | D:6      | Found a shimmering altar of Xom.
  3692 | D:6      | Noticed holysushi's ghost (amateur DsMo)
  3693 | D:6      | Noticed a +2 mace of chaos
  3732 | D:6      | Found a white marble altar of Elyvilon.
  3891 | D:7      | Reached skill level 11 in Unarmed Combat
  4002 | D:7      | Reached skill level 12 in Unarmed Combat
  4003 | D:7      | Noticed a hornet
  4022 | D:7      | Reached XP level 9. HP: 63/88 MP: 8/8
  4102 | D:7      | Found an opulent altar of Gozag.
  4481 | D:8      | Reached skill level 13 in Unarmed Combat
  4495 | D:8      | Reached ***** piety under Trog
  4544 | D:8      | Noticed Gastronok
  4559 | D:8      | Killed Gastronok
  4560 | D:8      | Reached skill level 14 in Unarmed Combat
  4560 | D:8      | Reached XP level 10. HP: 53/96 MP: 1/9
  5007 | D:8      | Reached skill level 15 in Unarmed Combat
  5197 | D:8      | Found a hazy altar of Hepliaklqana.
  5297 | D:9      | Noticed an elephant
  5297 | D:9      | Found a staircase to the Lair.
  5309 | D:9      | Found a flagged portal.
  5323 | Bailey   | Entered a bailey
  5409 | Bailey   | Noticed a gargoyle
  5419 | Bailey   | Killed a gargoyle
  5627 | Bailey   | Identified the -2 helmet "Cidghoq" {rElec rF+ Str+2}
  5670 | Bailey   | Reached skill level 16 in Unarmed Combat
  5696 | Bailey   | Received a gift from Trog
  5774 | D:9      | Killed an elephant
  5817 | D:9      | Reached XP level 11. HP: 103/103 MP: 10/10
  5894 | D:9      | Reached skill level 17 in Unarmed Combat
  6022 | D:9      | Noticed pigah's ghost (novice OpWn)
  6023 | D:9      | Found a runed translucent gate.
  6034 | D:9      | Found a runed translucent gate.
  6034 | D:9      | Found a runed translucent gate.
  6034 | D:9      | Noticed Pimp's ghost (novice AtFi)
  6034 | D:9      | Noticed benadryl's ghost (novice DECj)
  6034 | D:9      | Noticed soul19's ghost (journeyman TrFi)
  6034 | D:9      | Noticed asti's ghost (novice MiFi)
  6139 | D:9      | Noticed Maurice
  6157 | D:9      | Killed Maurice
  6491 | Lair:1   | Entered Level 1 of the Lair of Beasts
  6619 | Lair:1   | Noticed Grum
  6628 | Lair:1   | Killed Grum
  6660 | Lair:1   | Reached skill level 18 in Unarmed Combat
  7610 | Lair:2   | Noticed a death yak
  7610 | Lair:2   | Noticed a death yak
  7610 | Lair:2   | Noticed a death yak
  7610 | Lair:2   | Found a transporter.
  7610 | Lair:2   | Found a runed translucent gate.
  7610 | Lair:2   | Found a runed translucent gate.
  7610 | Lair:2   | Found a runed translucent gate.
  7617 | Lair:2   | Killed a death yak
  7622 | Lair:2   | Killed a death yak
  7623 | Lair:2   | Reached skill level 19 in Unarmed Combat
  7626 | Lair:2   | Killed a death yak
  7629 | Lair:2   | Noticed Etsiony's ghost (novice TrTm)
  7643 | Lair:2   | Found a gate leading to a gauntlet.
  7649 | Lair:2   | Reached XP level 12. HP: 110/114 MP: 9/11
  7663 | Gauntlet | Entered a Gauntlet
  7663 | Gauntlet | Found a transporter.
  7673 | Gauntlet | Found a transporter.
  7692 | Gauntlet | Found a transporter.
  7726 | Gauntlet | Found a transporter.
  7731 | Gauntlet | Found a transporter.
  7733 | Gauntlet | Identified the ring "Lotith" {rN+ Str-5 Int+6 Stlth+}
  7780 | Gauntlet | Noticed a minotaur
  7790 | Gauntlet | Killed a minotaur
  8161 | Lair:2   | Found a staircase to the Shoals.
  8164 | Lair:2   | Reached skill level 20 in Unarmed Combat
  8332 | Lair:2   | Noticed a five-headed hydra
  8338 | Lair:2   | Killed an eight-headed hydra
  8364 | Lair:2   | Found a transporter.
  8442 | Lair:2   | Found a viscous altar of Jiyva.
  8465 | Lair:2   | Mangled by an eight-headed hydra simulacrum

Illustrated notes

Levels and vault maps discovered:
D:1:      minmay_arrival_three_doors, layout_rooms, dk_noncrumbling_3,
          minmay_tiny_reverse_x
D:2:      layout_rooms, basic_altar, grunt_decor_cap
D:3:      layout_loops_ring, chequers_temple_overflow_minitemple,
          minmay_ruptured
D:4:      layout_cave_pods, okawaru_trees_1
D:5:      layout_basic, minmay_temple_entry_from_below_a, portal_sewer_entry_d
D:6:      layout_rooms, nicolae_elyvilon_peaceful_grove, ebering_ghost_xom,
          roderic_batcave
D:7:      kennysheep_six_static_rooms, layout_rooms,
          nicolae_overflow_hidden_temple
D:8:      layout_loops_cross, nicolae_hepliaklqana_monster_ancestors,
          hangedman_glass_teeth, worms_lemuel, uniq_gastronok
D:9:      layout_long_grid, david_lair_generic, enter_bailey_5,
          gammafunk_ghost_cemetery, kennysheep_generic_room_3, uniq_maurice
Lair:1:   layout_regular_city, kennysheep_abandoned_house, serial_bayou_shore_a,
          uniq_grum
Lair:2:   gammafunk_cloud_chamber, layout_chaotic_city,
          nicolae_shoals_entry_roost, gammafunk_ghost_ooze,
          gauntlet_entry_generic

Skill      XL: |  1  2  3  4  5  6  7  8  9 10 11 12 |
---------------+-------------------------------------+-----
Unarmed Combat | 4 5 6 8 9 12 14 16 19 20 | 20.4
Fighting       | |  2.4
Dodging        | |  2.4

Action                     |  1- 3 |  4- 6 |  7- 9 | 10-12 || total
---------------------------+-------+-------+-------+-------++-------
  Melee: Unarmed           |    90 |   140 |   230 |   478 ||   938
         Punch             |     2 |     2 |     9 |    34 ||    47
 Invoke: Berserk           |       |       |     2 |     7 ||     9
         Trog's Hand       |       |       |     1 |     2 ||     3
    Use: Scroll            |    11 |     4 |     2 |     2 ||    19
         Potion            |     5 |     3 |     1 |     5 ||    14
   Stab: Invisible         |       |       |       |    12 ||    12
 Armour: Animal skin       |    27 |       |       |       ||    27
         Robe              |       |    78 |    12 |       ||    90
         Troll leather arm |       |       |   102 |   214 ||   316
  Dodge: Dodged            |    38 |    67 |   120 |   214 ||   439

Table legend: (Time is in decaauts)
 A = Elapsed time spent in this place.
 B = Non-inter-level travel time spent in this place.
 C = Inter-level travel time spent in this place.
 D = Time resting spent in this place.
 E = Time spent auto-exploring this place.
 F = Levels seen in this place.
 G = Mean time per level.
                   A        B        C        D        E       F      G
               +--------+--------+--------+--------+--------+-----+--------+
         Total |   8335 |   8047 |    288 |     20 |   6174 |  14 |  595.4 |
       Dungeon |   5870 |   5607 |    263 |      0 |   4412 |   9 |  652.2 |
          Lair |   1688 |   1664 |     24 |      0 |   1329 |   2 |  844.0 |
         Sewer |     80 |     80 |      0 |      0 |     33 |   1 |   80.0 |
        Bailey |    424 |    424 |      0 |      0 |    250 |   1 |  424.0 |
      Gauntlet |    270 |    270 |      0 |     20 |    149 |   1 |  270.0 |
               +--------+--------+--------+--------+--------+-----+--------+

Top non-repeatable levels by time:
  Lair:1: 1085 daAuts
     D:8: 879 daAuts
     D:4: 874 daAuts
     D:9: 720 daAuts
     D:5: 653 daAuts
     D:2: 619 daAuts
     D:3: 609 daAuts
  Lair:2: 602 daAuts
     D:1: 569 daAuts
     D:7: 509 daAuts
     D:6: 434 daAuts
  Bailey: 424 daAuts
Gauntlet: 270 daAuts
   Sewer: 80 daAuts
